 Dungeon Crawl Stone Soup version 0.30-a0-585-g93115170b9 (webtiles) character file.

Game seed: 7536780717913582012

77 Farfigtubin the Firebug (level 4, -1/24 HPs)
             Began as a Tengu Fire Elementalist on Jan 1, 2023.
             Slain by a goblin
             ... wielding a +0 dagger
              (2 damage)
             ... on level 3 of the Dungeon.
             The game lasted 00:14:35 (1822 turns).

Farfigtubin the Firebug (Tengu Fire Elementalist)   Turns: 1822, Time: 00:14:36

Health: -1/24      AC:  2    Str: 14    XL:     4   Next: 33%
Magic:  8/9        EV: 13    Int: 18    God:
Gold:   122        SH:  0    Dex: 16    Spells: 5/8 levels left

rFire   . . .      SeeInvis .    x - +0 dagger (drain)
rCold   . . .      Faith    .    (no shield)
rNeg    . . .      Spirit   .    a - +0 robe
rPois   .          Reflect  .    (helmet restricted)
rElec   .          Harm     .    (no cloak)
rCorr   .          Rampage  .    (no gloves)
Will    +....                    (boots unavailable)
Stlth   ++                       p - amulet of Itoh {RegenMP Will+ Dex+2}
HPRegen 0.24/turn                w - +6 ring of strength
MPRegen 0.51/turn                (no ring)

@: no status effects
A: beak, talons 3
a: no special abilities


You were on level 3 of the Dungeon.
You visited 1 branch of the dungeon, and saw 4 of its levels.

You collected 122 gold pieces.

Inventory:

Hand Weapons
 x - a +0 dagger of draining (weapon)
Missiles
 l - 2 throwing nets
Armour
 a - a +0 robe (worn)
Jewellery
 p - the amulet of Itoh (around neck) {RegenMP Will+ Dex+2}
   (You found it on level 2 of the Dungeon)

   [amulet of magic regeneration]

   It increases your rate of magic regeneration.
   Dex:       It affects your dexterity (+2).
   Will:      It increases your willpower.
 r - an amulet of guardian spirit
 w - a +6 ring of strength (left hand)
Wands
 g - a wand of charming (3)
 u - a wand of iceblast (11)
Scrolls
 c - a scroll of amnesia {unknown}
 d - a scroll of teleportation {unknown}
 e - a scroll of magic mapping {unknown}
 i - a scroll of fear {unknown}
 k - a scroll of immolation {unknown}
 m - 2 scrolls of identify {unknown}
 t - a scroll of blinking {unknown}
 v - 2 scrolls of enchant weapon {unknown}
 y - a scroll of enchant armour {unknown}
Potions
 b - a potion of magic
 f - a potion of brilliance {unknown}
 h - a potion of heal wounds {unknown}
 j - 2 potions of curing {unknown}
 n - 2 potions of mutation {unknown}
 o - a potion of flight {unknown}
 q - 2 potions of might {unknown}
 s - a potion of lignification {unknown}
 z - 2 potions of haste {unknown}


   Skills:
 + Level 2.6 Dodging
 + Level 2.2 Stealth
 + Level 2.6 Spellcasting
 + Level 2.5 Conjurations
 + Level 4.3 Fire Magic


You had 5 spell levels left.
You knew the following spells:

 Your Spells              Type           Power      Damage    Failure   Level
a - Foxfire               Conj/Fire      56%        2x1d6     4%          1
b - Scorch                Fire           34%        2d7       4%          2

Your spell library contained the following spells:

 Spells                   Type           Power      Damage    Failure   Level
 Inner Flame              Hex/Fire       10%        N/A       22%         3
 Kindle Blastsparks       Fire/Tloc/Air  14%        2d11      28%         3
 Flame Wave               Conj/Fire      14%        2d6       38%         4


Dungeon Overview and Level Annotations

Branches:
Dungeon (4/15)
 Temple: D:4-7

Altars:
Makhleb
Xom

Annotations:
D:3 Grinder, Jessica


Innate Abilities, Weirdness & Mutations

You have a beak for a mouth.
You have claws for feet.


Message History

Casting: Foxfire (safe; 4% risk of failure)
Press: ? - help, Q - select action, (/) - cycle Dir - look around, f - activate You miscast Foxfire.
You are very lightly contaminated with residual magic.
Nothing appears to happen.
Jessica attacks as you move away! Jessica hits you with a +0 club.
Jessica casts a spell at you. You resist with almost no effort.
Casting: Foxfire (safe; 4% risk of failure)
Press: ? - help, Q - select action, (/) - cycle Dir - look around, f - activate You conjure some foxfire!
The foxfire hits Jessica but does no damage.
The foxfire hits Jessica.
Jessica is lightly wounded.
Casting: Foxfire (safe; 4% risk of failure)
Press: ? - help, Q - select action, (/) - cycle Dir - look around, f - activate You conjure some foxfire!
Jessica hits you but does no damage. Jessica attacks as you move away!
Jessica hits you with a +0 club! The goblin attacks as you move away!
The goblin hits you with a +0 dagger.
The foxfire hits Jessica.
Jessica is heavily wounded.
The foxfire hits Jessica.
Jessica is almost dead.
Casting: Foxfire (safe; 4% risk of failure)
Press: ? - help, Q - select action, (/) - cycle Dir - look around, f - activate You conjure some foxfire!
The goblin hits you but does no damage. Jessica hits you with a +0 club!
* * * LOW HITPOINT WARNING * * *
Your magical contamination has completely faded away.
Your foxfire dissipates!
Jessica attacks as you move away! Jessica hits you with a +0 club.
* * * LOW HITPOINT WARNING * * *
The foxfire hits Jessica but does no damage.
Jessica is almost dead.
Casting: Foxfire (safe; 4% risk of failure)
Press: ? - help, Q - select action, (/) - cycle Dir - look around, f - activate You conjure some foxfire!
The goblin hits you with a +0 dagger.
You die...

#........### #.#.#
#..........#####...#
#.................##
####..............######
#....................
#..............######
###..............#
#.'....v.........#
#.#...@v.........# ..# #.
#..g@..........# ..###.
##.........###### .....
#..........# ####..##
#......##### ......#
#......# ...†..#
####......#
......###.........'......
#5...##...........#######


You could see Jessica (ally target) and a goblin (ally target).

Vanquished Creatures
  2 adders (D:2)
  A worm (D:2)
  2 dart slugs (D:3)
  5 ball pythons
  3 endoplasms
  A giant cockroach (D:2)
  3 hobgoblins
  5 jackals
  A quokka (D:2)
  5 bats
  3 frilled lizards
  3 goblins
  7 kobolds
  7 rats
48 creatures vanquished.

Vanquished Creatures (collateral kills)
  4 foxfires (D:2)
4 creatures vanquished.

Vanquished Creatures (others)
  146 foxfires
  A fungus (D:2)
  3 plants (D:2)
150 creatures vanquished.

Grand Total: 202 creatures vanquished

Notes
Turn   | Place    | Note
-------+----------+-------------------------------------------
     0 | D:1      | Farfigtubin the Tengu Fire Elementalist began the quest for
                  | the Orb.
     0 | D:1      | Reached XP level 1. HP: 10/10 MP: 4/4
   231 | D:1      | Reached XP level 2. HP: 15/15 MP: 4/6
   666 | D:2      | Identified the amulet of Itoh {RegenMP Will+ Dex+2}
   806 | D:2      | Reached skill level 4 in Fire Magic
   806 | D:2      | Reached XP level 3. HP: 19/19 MP: 4/7
   912 | D:2      | Found a faded altar of an unknown god.
  1133 | D:2      | Reached XP level 4. HP: 24/24 MP: 8/8
  1406 | D:3      | Found a shimmering altar of Xom.
  1587 | D:3      | Noticed Grinder
  1655 | D:4      | Noticed a necrophage
  1691 | D:3      | Found a burning altar of Makhleb.
  1700 | D:3      | Learned a level 2 spell: Scorch
  1811 | D:3      | Noticed Jessica
  1821 | D:3      | HP: 1/24 [Jessica/+0 club (5)]
  1822 | D:3      | Slain by a goblin

Illustrated notes

Levels and vault maps discovered:
D:1:      dpeg_arrival_tiny_a, layout_basic,
          hangedman_abyss_or_decor_lesser_grid
D:2:      layout_basic, shapermc_ecumenical_altar_gd, minmay_door_square
D:3:      layout_basic, xom_teletrap_fun, nicolae_overflow_crystal_walls,
          uniq_grinder, uniq_jessica
D:4:      minmay_thinvault, layout_cave_pools, nicolae_uskayaw_suspiria

Skill      XL: |  1  2  3 |
---------------+----------+-----
Fire Magic     | 4 |  4.3
Conjurations   | 2 |  2.5
Dodging        | |  2.6
Stealth        | |  2.2
Spellcasting   | |  2.6

Action                   |  1- 3 |  4- 6 || total
-------------------------+-------+-------++-------
Melee: Unarmed           |     1 |       ||     1
       Dagger            |       |     2 ||     2
       Kick              |       |     1 ||     1
       Peck              |       |     1 ||     1
 Cast: Foxfire           |    56 |    32 ||    88
  Use: Scroll            |     1 |     1 ||     2
Armor: Robe              |    13 |     4 ||    17
Dodge: Dodged            |    34 |     9 ||    43

Table legend: (Time is in decaauts)
 A = Elapsed time spent in this place.
 B = Non-inter-level travel time spent in this place.
 C = Inter-level travel time spent in this place.
 D = Time resting spent in this place.
 E = Time spent auto-exploring this place.
 F = Levels seen in this place.
 G = Mean time per level.
                   A        B        C        D        E       F      G
               +--------+--------+--------+--------+--------+-----+--------+
         Total |   1820 |   1800 |     20 |     40 |    607 |   4 |  455.0 |
       Dungeon |   1820 |   1800 |     20 |     40 |    607 |   4 |  455.0 |
               +--------+--------+--------+--------+--------+-----+--------+

Top non-repeatable levels by time:
     D:2: 693 daAuts
     D:1: 640 daAuts
     D:3: 466 daAuts
     D:4: 20 daAuts
